TOP OF THE 1ST |
Lansing Lugnuts batting - Pitching for Vancouver Vipers : LHP Jacques Lang
|
Pitching: LHP Jacques Lang
|
|
Batting: RHB Taki Chikafuji
|
0-0: Called Strike 0-1: Foul Ball, location: 2F 0-2: Ball 1-2: Ball 2-2: Foul Ball, location: 2F 2-2: Ball 3-2: Base on Balls
|
Batting: RHB Wilson Gómez
|
0-0: DOUBLE (Line Drive, 78XD) Taki Chikafuji to third Taki Chikafuji scores
|
Batting: RHB Billy Campbell
|
0-0: Ball 1-0: Called Strike 1-1: Foul Ball, location: 2F 1-2: Foul Ball, location: 2F 1-2: Ball 2-2: Strikes out swinging
|
Batting: LHB Tom Mullins
|
0-0: Ball 1-0: Foul Ball, location: 2F 1-1: Ball 2-1: Swinging Strike 2-2: Strikes out looking
|
Batting: RHB Juan Rico
|
0-0: Fly out, F3 (Popup, 3SF)
|
Top of the 1st over - 1 run(s), 1 hit(s), 0 error(s), 1 left on base; Lansing 1 - Vancouver 0 |
BOTTOM OF THE 1ST |
Vancouver Vipers batting - Pitching for Lansing Lugnuts : LHP Juan Barrera
|
Pitching: LHP Juan Barrera
|
|
Batting: RHB Oscar Rudd
|
0-0: Fly out, F6 (Popup, 5)
|
Batting: RHB Salvador Medine
|
0-0: Called Strike 0-1: Ball 1-1: Swinging Strike 1-2: Fly out, F6 (Popup, 6M)
|
Batting: SHB Henry Copeland
|
0-0: Called Strike 0-1: Called Strike 0-2: Strikes out swinging
|
Bottom of the 1st over - 0 run(s), 0 hit(s), 0 error(s), 0 left on base; Lansing 1 - Vancouver 0 |
TOP OF THE 2ND |
Lansing Lugnuts batting - Pitching for Vancouver Vipers : LHP Jacques Lang
|
Batting: LHB Sam Barnes
|
0-0: Called Strike 0-1: Foul Ball, location: 2F 0-2: Ball 1-2: Strikes out swinging
|
Batting: RHB Tony Reyes
|
0-0: Foul Ball, location: 2F 0-1: Foul Ball, location: 2F 0-2: Strikes out swinging
|
Batting: RHB Sadao Kimura
|
0-0: Called Strike 0-1: Ball 1-1: Swinging Strike 1-2: Foul Ball, location: 2F 1-2: Strikes out swinging
|
Top of the 2nd over - 0 run(s), 0 hit(s), 0 error(s), 0 left on base; Lansing 1 - Vancouver 0 |
BOTTOM OF THE 2ND |
Vancouver Vipers batting - Pitching for Lansing Lugnuts : LHP Juan Barrera
|
Batting: RHB Daniel Robert
|
0-0: Ball 1-0: Called Strike 1-1: Ball 2-1: Foul Ball, location: 2F 2-2: SINGLE (Line Drive, 4)
|
Batting: RHB Alfredo Hernández
|
0-0: Grounds into double play, 5-4-3 (Groundball, 5L)
|
Batting: RHB Luis Sáenz
|
0-0: Called Strike 0-1: Called Strike 0-2: Ball 1-2: Ground out 6-3 (Groundball, 6)
|
Bottom of the 2nd over - 0 run(s), 1 hit(s), 0 error(s), 0 left on base; Lansing 1 - Vancouver 0 |
TOP OF THE 3RD |
Lansing Lugnuts batting - Pitching for Vancouver Vipers : LHP Jacques Lang
|
Batting: RHB Steve Garneys
|
0-0: Called Strike 0-1: Ball 1-1: Ball 2-1: Swinging Strike 2-2: Foul Ball, location: 2F 2-2: Foul Ball, location: 2F 2-2: DOUBLE (Flyball, 89XD)
|
Batting: RHB Taki Chikafuji
|
0-0: Ball 1-0: Foul Ball, location: 2F 1-1: SINGLE (Groundball, 4MD) (infield hit) Steve Garneys to third
|
Batting: RHB Wilson Gómez
|
0-0: Called Strike 0-1: Ball 1-1: Ground out 5-3 (Groundball, 56S) Steve Garneys scores Taki Chikafuji to second
|
Batting: RHB Billy Campbell
|
0-0: Ball 1-0: Swinging Strike 1-1: Called Strike 1-2: Strikes out swinging
|
Batting: LHB Tom Mullins
|
0-0: Called Strike 0-1: Hit by Pitch
|
Batting: RHB Juan Rico
|
0-0: Called Strike 0-1: Ball 1-1: Foul Ball, location: 2F 1-2: Ball 2-2: Ground out 5-3 (Groundball, 56)
|
Top of the 3rd over - 1 run(s), 2 hit(s), 0 error(s), 2 left on base; Lansing 2 - Vancouver 0 |
BOTTOM OF THE 3RD |
Vancouver Vipers batting - Pitching for Lansing Lugnuts : LHP Juan Barrera
|
Batting: RHB Sergio Pujols
|
0-0: Ground out 6-3 (Groundball, 56D)
|
Batting: LHB Katsumi Morishita
|
0-0: Called Strike 0-1: SINGLE (Groundball, 34)
|
Batting: LHB Tanyu Imai
|
0-0: Foul Ball, location: 2F 0-1: Ball 1-1: Ball 2-1: Swinging Strike 2-2: Ground out 3-1 (Groundball, 34) Katsumi Morishita to second
|
Batting: RHB Oscar Rudd
|
0-0: Called Strike 0-1: Swinging Strike 0-2: Ball 1-2: Strikes out looking
|
Bottom of the 3rd over - 0 run(s), 1 hit(s), 0 error(s), 1 left on base; Lansing 2 - Vancouver 0 |
TOP OF THE 4TH |
Lansing Lugnuts batting - Pitching for Vancouver Vipers : LHP Jacques Lang
|
Batting: LHB Sam Barnes
|
0-0: Foul Ball, location: 2F 0-1: Called Strike 0-2: Ball 1-2: Strikes out swinging
|
Batting: RHB Tony Reyes
|
0-0: Ball 1-0: Foul Ball, location: 2F 1-1: Ball 2-1: Foul Ball, location: 2F 2-2: Ball 3-2: Foul Ball, location: 2F 3-2: Base on Balls
|
Batting: RHB Sadao Kimura
|
0-0: Ball 1-0: Foul Ball, location: 2F 1-1: Fly out, F9 (Line Drive, 9S)
|
Batting: RHB Steve Garneys
|
0-0: Foul Ball, location: 2F 0-1: Ball 1-1: Swinging Strike 1-2: Ball 2-2: Ball 3-2: Strikes out swinging
|
Top of the 4th over - 0 run(s), 0 hit(s), 0 error(s), 1 left on base; Lansing 2 - Vancouver 0 |
BOTTOM OF THE 4TH |
Vancouver Vipers batting - Pitching for Lansing Lugnuts : LHP Juan Barrera
|
Batting: RHB Salvador Medine
|
0-0: Called Strike 0-1: Ball 1-1: Ball 2-1: Swinging Strike 2-2: Strikes out swinging
|
Batting: SHB Henry Copeland
|
0-0: Called Strike 0-1: Swinging Strike 0-2: Strikes out looking
|
Batting: RHB Daniel Robert
|
0-0: Called Strike 0-1: Ball 1-1: Ball 2-1: SINGLE (Groundball, 56D)
|
Batting: RHB Alfredo Hernández
|
0-0: Called Strike 0-1: Called Strike 0-2: Foul Ball, location: 2F 0-2: Ball 1-2: Fly out, F8 (Flyball, 8RXD)
|
Bottom of the 4th over - 0 run(s), 1 hit(s), 0 error(s), 1 left on base; Lansing 2 - Vancouver 0 |
TOP OF THE 5TH |
Lansing Lugnuts batting - Pitching for Vancouver Vipers : LHP Jacques Lang
|
Batting: RHB Taki Chikafuji
|
0-0: Ball 1-0: Ground out 6-3 (Groundball, 6)
|
Batting: RHB Wilson Gómez
|
0-0: Ground out 5-3 (Groundball, 5)
|
Batting: RHB Billy Campbell
|
0-0: Ball 1-0: Ball 2-0: Fly out, F8 (Flyball, 8LS)
|
Top of the 5th over - 0 run(s), 0 hit(s), 0 error(s), 0 left on base; Lansing 2 - Vancouver 0 |
BOTTOM OF THE 5TH |
Vancouver Vipers batting - Pitching for Lansing Lugnuts : LHP Juan Barrera
|
Batting: RHB Luis Sáenz
|
0-0: Ball 1-0: Swinging Strike 1-1: Swinging Strike 1-2: Foul Ball, location: 2F 1-2: Strikes out swinging
|
Batting: RHB Sergio Pujols
|
0-0: Foul Ball, location: 2F 0-1: Ball 1-1: Called Strike 1-2: Fly out, F3 (Popup, 3S)
|
Batting: LHB Katsumi Morishita
|
0-0: Called Strike 0-1: Called Strike 0-2: Foul Ball, location: 2F 0-2: Ground out 4-3 (Groundball, 4)
|
Bottom of the 5th over - 0 run(s), 0 hit(s), 0 error(s), 0 left on base; Lansing 2 - Vancouver 0 |
TOP OF THE 6TH |
Lansing Lugnuts batting - Pitching for Vancouver Vipers : LHP Jacques Lang
|
Batting: LHB Tom Mullins
|
0-0: Called Strike 0-1: Called Strike 0-2: Ball 1-2: Ball 2-2: Foul Ball, location: 2F 2-2: Ball 3-2: Foul Ball, location: 2F 3-2: Foul Ball, location: 2F 3-2: Base on Balls
|
Pitching: RHP Augusto Herrera
|
|
Batting: RHB Juan Rico
|
0-0: Ball 1-0: Fly out, F8 (Flyball, 8LD)
|
Batting: LHB Sam Barnes
|
0-0: Ball 1-0: DOUBLE (Flyball, 9LM) Tom Mullins to third
|
Pitching: RHP Vincent Cox
|
|
Batting: RHB Tony Reyes
|
0-0: Called Strike 0-1: Ball 1-1: Swinging Strike 1-2: Foul Ball, location: 2F 1-2: Strikes out swinging
|
Batting: RHB Sadao Kimura
|
0-0: DOUBLE (Line Drive, 34) Tom Mullins scores Sam Barnes scores
|
Batting: RHB Steve Garneys
|
0-0: Ball 1-0: Ball 2-0: Called Strike 2-1: Foul Ball, location: 2F 2-2: Foul Ball, location: 2F 2-2: Ball 3-2: Strikes out looking
|
Top of the 6th over - 2 run(s), 2 hit(s), 0 error(s), 1 left on base; Lansing 4 - Vancouver 0 |
BOTTOM OF THE 6TH |
Vancouver Vipers batting - Pitching for Lansing Lugnuts : LHP Juan Barrera
|
Batting: LHB Tanyu Imai
|
0-0: Ball 1-0: Fly out, F8 (Line Drive, 8LXD)
|
Batting: RHB Oscar Rudd
|
0-0: Fly out, F7 (Line Drive, 78S)
|
Batting: RHB Salvador Medine
|
0-0: Ball 1-0: Called Strike 1-1: Called Strike 1-2: Ball 2-2: Foul Ball, location: 2F 2-2: Ground out 4-3 (Groundball, 4)
|
Bottom of the 6th over - 0 run(s), 0 hit(s), 0 error(s), 0 left on base; Lansing 4 - Vancouver 0 |
TOP OF THE 7TH |
Lansing Lugnuts batting - Pitching for Vancouver Vipers : RHP Vincent Cox
|
Batting: RHB Taki Chikafuji
|
0-0: Foul Ball, location: 2F 0-1: Ball 1-1: Ball 2-1: Foul Ball, location: 2F 2-2: Foul Ball, location: 2F 2-2: Strikes out looking
|
Batting: RHB Wilson Gómez
|
0-0: Ball 1-0: Swinging Strike 1-1: Ball 2-1: Foul Ball, location: 2F 2-2: Ground out 5-3 (Groundball, 56S)
|
Batting: RHB Billy Campbell
|
0-0: SINGLE (Popup, 4MS)
|
Batting: LHB Tom Mullins
|
0-0: Ball 1-0: Swinging Strike 1-1: Swinging Strike 1-2: Foul Ball, location: 2F 1-2: Ground out 1-3 (Groundball, 15S)
|
Top of the 7th over - 0 run(s), 1 hit(s), 0 error(s), 1 left on base; Lansing 4 - Vancouver 0 |
BOTTOM OF THE 7TH |
Vancouver Vipers batting - Pitching for Lansing Lugnuts : LHP Juan Barrera
|
Batting: SHB Henry Copeland
|
0-0: Foul Ball, location: 2F 0-1: Ball 1-1: Ball 2-1: Swinging Strike 2-2: Ball 3-2: Strikes out swinging
|
Batting: RHB Daniel Robert
|
0-0: Ball 1-0: Ball 2-0: Called Strike 2-1: SINGLE (Flyball, 3D)
|
Batting: RHB Alfredo Hernández
|
0-0: Called Strike 0-1: Swinging Strike 0-2: Ball 1-2: Grounds into double play, 4-6-3 (Groundball, 4)
|
Bottom of the 7th over - 0 run(s), 1 hit(s), 0 error(s), 0 left on base; Lansing 4 - Vancouver 0 |
TOP OF THE 8TH |
Lansing Lugnuts batting - Pitching for Vancouver Vipers : RHP Vincent Cox
|
Pitching: LHP Ron Cummins
|
|
Batting: RHB Juan Rico
|
0-0: Swinging Strike 0-1: Ball 1-1: Ball 2-1: Ball 3-1: Called Strike 3-2: Fly out, F8 (Line Drive, 8RD)
|
Batting: LHB Sam Barnes
|
0-0: Ball 1-0: Called Strike 1-1: Ground out 4-3 (Groundball, 4)
|
Batting: RHB Tony Reyes
|
0-0: Ground out 6-3 (Groundball, 6)
|
Top of the 8th over - 0 run(s), 0 hit(s), 0 error(s), 0 left on base; Lansing 4 - Vancouver 0 |
BOTTOM OF THE 8TH |
Vancouver Vipers batting - Pitching for Lansing Lugnuts : LHP Juan Barrera
|
Batting: RHB Luis Sáenz
|
0-0: Ball 1-0: Fly out, F8 (Flyball, 8RM)
|
Batting: RHB Sergio Pujols
|
0-0: Called Strike 0-1: Ball 1-1: Ball 2-1: Foul Ball, location: 2F 2-2: Strikes out looking
|
Batting: LHB Katsumi Morishita
|
0-0: Called Strike 0-1: Swinging Strike 0-2: Fly out, F9 (Line Drive, 89S)
|
Bottom of the 8th over - 0 run(s), 0 hit(s), 0 error(s), 0 left on base; Lansing 4 - Vancouver 0 |
TOP OF THE 9TH |
Lansing Lugnuts batting - Pitching for Vancouver Vipers : LHP Ron Cummins
|
Batting: RHB Sadao Kimura
|
0-0: Ball 1-0: Fly out, F4 (Popup, 34)
|
Batting: RHB Steve Garneys
|
0-0: Called Strike 0-1: Ball 1-1: Fly out, F7 (Popup, 56D)
|
Batting: RHB Taki Chikafuji
|
0-0: Called Strike 0-1: SINGLE (Line Drive, 34D)
|
Batting: RHB Wilson Gómez
|
0-0: Ball 1-0: Called Strike 1-1: Fly out, F8 (Flyball, 89M)
|
Top of the 9th over - 0 run(s), 1 hit(s), 0 error(s), 1 left on base; Lansing 4 - Vancouver 0 |
BOTTOM OF THE 9TH |
Vancouver Vipers batting - Pitching for Lansing Lugnuts : LHP Juan Barrera
|
Batting: LHB Tanyu Imai
|
0-0: Called Strike 0-1: Ball 1-1: Swinging Strike 1-2: Ball 2-2: Foul Ball, location: 2F 2-2: Foul Ball, location: 2F 2-2: SINGLE (Groundball, 25) (infield hit)
|
Pitching: RHP Asher Zasko
|
|
Batting: RHB Oscar Rudd
|
0-0: Ball 1-0: Ball 2-0: Called Strike 2-1: Foul Ball, location: 2F 2-2: Ball 3-2: Base on Balls Tanyu Imai to second
|
Pitching: RHP Dae-hee Ch'oe
|
|
Batting: RHB Salvador Medine
|
0-0: Ball 1-0: Ball 2-0: Swinging Strike 2-1: Fly out, F3 (Popup, 3)
|
Batting: SHB Henry Copeland
|
0-0: Grounds out, U3 (Groundball, 3L) Tanyu Imai to third
|
Batting: RHB Daniel Robert
|
0-0: Ground out 5-3 (Groundball, 5S)
|
Bottom of the 9th over - 0 run(s), 1 hit(s), 0 error(s), 2 left on base; Lansing 4 - Vancouver 0 |
|